 Dungeon Crawl Stone Soup version 0.20-a0-738-gb057e68 (webtiles) character file.

370 Gorglomux the Chopper (level 6, 0/56 HPs)
             Began as a Hill Orc Abyssal Knight on Feb 23, 2017.
             Was a Priest of Lugonu.
             Succumbed to an adder's poison
             ... in a sewer.
             The game lasted 00:08:23 (4236 turns).

Gorglomux the Chopper (Hill Orc Abyssal Knight)     Turns: 4236, Time: 00:08:24

Health: 0/56       AC:  3    Str: 17    XL:     6   Next: 70%
Magic:  6/9        EV: 11    Int: 17    God:    Lugonu [***...]
Gold:   79         SH:  4    Dex: 10    Spells: 5/5 levels left

rFire    + . .     SeeInvis .   a - +1 hand axe
rCold    . . .     Gourm    .   b - +0 leather armour
rNeg     . . .     Faith    .   (no shield)
rPois    .         Spirit   .   (no helmet)
rElec    .         Reflect  +   (no cloak)
rCorr    .         Harm     .   (no gloves)
MR       .....                  (no boots)
Stlth    +.........             t - +4 amulet of reflection
Regen    0.2/turn               (no ring)
MPRegen  0.2/turn               f - ring of protection from fire

@: brilliant, lethally poisoned (0 -> -3)
A: no striking features
a: Depart the Abyss, Bend Space, Banish, Renounce Religion


You were in a sewer.
You worshipped Lugonu.
Lugonu was most pleased with you.
You were not hungry.

You visited 1 branch of the dungeon, and saw 3 of its levels.
You visited the Abyss 1 time.
You also visited: Sewer.

You collected 79 gold pieces.

Inventory:

Hand Weapons
 a - a +1 hand axe (weapon)
Armour
 b - a +0 leather armour (worn)
Jewellery
 f - a ring of protection from fire (left hand)
 m - an uncursed amulet of the gourmand
 s - an uncursed ring of fire
 t - a +4 amulet of reflection (around neck)
 y - a cursed ring of loudness {unknown}
Scrolls
 d - 4 scrolls of teleportation {unknown}
 e - a scroll of recharging {unknown}
 g - a scroll of amnesia {unknown}
 h - 2 scrolls of identify {unknown}
 i - a scroll of remove curse {unknown}
 l - a scroll of random uselessness {unknown}
 v - a scroll of fear {unknown}
 x - 3 scrolls of fog {unknown}
Potions
 z - a potion of curing
 A - a potion of might
 B - a potion of brilliance
Comestibles
 c - 2 bread rations


   Skills:
 + Level 5.5 Fighting
 + Level 6.4 Axes
 - Level 3.1 Armour
 - Level 1.0 Dodging
 - Level 4.2 Invocations


You had 5 spell levels left.
You didn't know any spells.

Dungeon Overview and Level Annotations

Branches:
Dungeon (3/15)

Altars:
Gozag


Message History

The adder barely misses you.
Press: ? - help, Shift-Dir - straight line, f/p - bullfrog
Aim: a bullfrog (chance to defeat MR: 83%)
You fail to use your ability.
You feel sick. The bullfrog hits you.
* * * LOW HITPOINT WARNING * * *
The adder misses you. The bullfrog hits you.
* * * LOW HITPOINT WARNING * * *
The bullfrog hits you.
* * * LOW HITPOINT WARNING * * *
The adder bites you.
* * * LOW HITPOINT WARNING * * *
The adder closely misses you. Space bends around you!
You blink.
The ball python barely misses you. x2
The adder bites you but does no damage.
Unknown command.
Space bends around you!
You blink.
Splash!
You fall into the shallow water.
Moving in this stuff is going to be slow.
You die...

##...## #...#####
#....'..# #....#..#
##...####
#..FF###################
#.SSSS.≈≈≈≈≈≈≈≈≈≈≈≈≈≈≈..
##.S§.≈≈≈J≈≈≈≈≈≈≈≈≈≈≈≈..
#.S...@≈≈≈≈≈≈≈≈≈≈≈≈≈≈≈.
#....≈≈≈≈≈J≈≈≈≈≈≈≈≈J≈..
##...≈≈≈≈≈≈≈≈..≈≈≈J≈≈..
###..≈≈≈≈≈≈≈≈≈≈≈≈≈≈≈#.
###################


You could see 2 bullfrogs, 2 oozes, 3 adders and 3 ball pythons.

Vanquished Creatures
  The ghost of Gorglomux the Chopper, an amateur HOAK of Lugonu (D:3)
  12 adders
  6 river rats (Sewer)
  An ooze (D:1)
  4 worms (D:2)
  2 dart slugs
  4 leopard geckos
  5 orcs (D:3)
  5 giant cockroaches
  10 goblins
  7 hobgoblins
  3 jackals (D:1)
  10 ball pythons
  4 bats
  3 frilled lizards
  4 kobolds (D:2)
  28 rats
109 creatures vanquished.

Notes
Turn   | Place    | Note
-------+----------+-------------------------------------------
     0 | Abyss:1  | Gorglomux the Hill Orc Abyssal Knight began the quest for the Orb.
     0 | Abyss:1  | Reached XP level 1. HP: 19/19 MP: 2/2
    58 | Abyss:1  | Noticed a large abomination
    72 | Abyss:1  | Noticed a ynoxinul
    73 | D:1      | Escaped the Abyss
   355 | D:1      | Reached * piety under Lugonu
   361 | D:1      | Reached skill level 3 in Axes
   386 | D:1      | Reached skill level 3 in Invocations
   386 | D:1      | Reached XP level 2. HP: 25/26 MP: 2/4
   828 | D:1      | Reached XP level 3. HP: 22/31 MP: 5/5
  1357 | D:2      | Reached skill level 4 in Axes
  1704 | D:2      | Reached XP level 4. HP: 39/39 MP: 7/7
  1884 | D:2      | Found an opulent altar of Gozag.
  2064 | D:2      | Reached ** piety under Lugonu
  2064 | D:2      | Reached skill level 1 in Dodging
  2562 | D:2      | Reached skill level 3 in Armour
  2616 | D:2      | Reached XP level 5. HP: 40/46 MP: 8/8
  2858 | D:3      | Noticed Gorglomux's ghost (amateur HOAK)
  3014 | D:3      | Found a glowing drain.
  3098 | D:3      | Reached skill level 5 in Axes
  3142 | D:3      | Killed Gorglomux's ghost
  3142 | D:3      | Reached XP level 6. HP: 14/56 MP: 9/9
  3371 | Sewer    | Entered a sewer
  3413 | Sewer    | Reached skill level 6 in Axes
  3421 | Sewer    | HP: 1/56 [river rat (9)]
  3857 | Sewer    | Reached *** piety under Lugonu
  4236 | Sewer    | Succumbed to an adder's poison

Vault maps used:
D:1:      dpeg_arrival_morbid_curiosity, hangedman_decor_riveting,
          minmay_pentomino_s2
D:2:      nicolae_gozag_cash_rules_everything_around_me, grunt_ministairs_2,
          minmay_unequal
D:3:      gup_sewer_entry_glass
Abyss:1:  evilmike_abyss_exit_chaos
Sewer:    sewer_minmay_w

Skill      XL: |  1  2  3  4  5  6 |
---------------+-------------------+-----
Axes           | 3 4 5 6 |  6.4
Invocations    | 3 4 |  4.2
Dodging        | 1 |  1.0
Armour         | 3 |  3.1
Fighting       | 5 |  5.5

Action                   |  1- 3 |  4- 6 || total
-------------------------+-------+-------++-------
Melee: Hand axe          |    81 |   281 ||   362
Invok: Depart the Abyss  |     1 |       ||     1
       Bend Space        |       |     6 ||     6
  Use: Potion            |     1 |     8 ||     9
  Eat: Chunk             |    10 |     9 ||    19
Armor: Leather armour    |    18 |    64 ||    82
       Skin              |       |    52 ||    52
Dodge: Dodged            |    67 |   164 ||   231
Block: Other             |       |    53 ||    53
